 Dungeon Crawl Stone Soup version 0.28-a0-932-g843f935a50 (webtiles) character file.

Game seed: 13477506287639337798

7 ytrimaz the Skirmisher (level 1, -1/18 HPs)
             Began as a Demonspawn Fighter on Nov 28, 2021.
             Slain by a kobold (2 damage)
             ... on level 1 of the Dungeon.
             The game lasted 00:00:49 (369 turns).

ytrimaz the Skirmisher (Demonspawn Fighter)          Turns: 369, Time: 00:00:50

Health: -1/18      AC:  6    Str: 16    XL:     1   Next: 83%
Magic:  1/1        EV:  9    Int:  9    God:
Gold:   0          SH:  4    Dex: 12    Spells: 0/0 levels left

rFire   . . .      SeeInvis .   a - +0 war axe
rCold   . . .      Faith    .   c - +0 buckler
rNeg    . . .      Spirit   .   b - +0 scale mail
rPois   .          Reflect  .   (no helmet)
rElec   .          Harm     .   (no cloak)
rCorr   .          Rampage  .   (no gloves)
Will    .....                   (no boots)
Stlth   ..........              (no amulet)
HPRegen 0.06/turn               (no ring)
MPRegen 0.07/turn               (no ring)

@: lethally poisoned (-1 -> -5), hasted, very quick
A: no striking features
a: no special abilities


You were on level 1 of the Dungeon.
You visited 1 branch of the dungeon, and saw 1 of its levels.

Inventory:

Hand Weapons
 a - a +0 war axe (weapon)
Armour
 b - a +0 scale mail (worn)
 c - a +0 buckler (worn)
Potions
 d - a potion of might


   Skills:
 + Level 3.1 Fighting
 + Level 1.9 Axes
 + Level 2.8 Armour
 + Level 2.8 Shields


You couldn't memorise any spells.
You didn't know any spells.
Your spell library was empty.

Dungeon Overview and Level Annotations

Branches:
Dungeon (1/15)

Altars:


Message History

Here: a kobold, wielding a +3 dagger of venom and quivering stones The floor.
The kobold throws a stone.
The stone hits you.
Unknown command.
Blink to where?
Press: ? - help, Dir - move target
As you read the scroll labelled QOZXOHIGHA, it crumbles to dust.
It was a scroll of blinking.
As you read the scroll labelled UTIAGO INGUCU, it crumbles to dust.
The scroll dissolves into smoke.
It was a scroll of fog.
You see here a frilled lizard skeleton.
Things that are here:
a +0 dagger; 4 stones; a kobold skeleton The kobold throws a stone.
The stone closely misses you.
The kobold throws a stone.
The stone hits you but does no damage.
You see here a frilled lizard skeleton.
You see here an orange potion.
e - an orange potion You block the goblin's attack.
You closely miss the goblin. The goblin hits you but does no damage.
The kobold hits you but does no damage.
You are poisoned.
The goblin hits you with a +0 dagger.
You hit the goblin but do no damage. You completely miss the kobold.
You feel very sick. The kobold hits you but does no damage.
You are lethally poisoned!
The goblin hits you but does no damage.
Unknown command.
You feel very sick.
You feel sick.
* * * LOW HITPOINT WARNING * * *
You feel sick.
* * * LOW HITPOINT WARNING * * *
You feel sick.
It was a potion of haste.
You feel yourself speed up.
* * * LOW HITPOINT WARNING * * *
You feel sick.
The kobold hits you with a +3 dagger of venom.
You die...

##.# .#.# .
##.#################....
§.......................
.÷)K...÷........####....
##.##########.#g........
#.# #.##..###.## #.#
#.##K.# #.# #.##@.# .#
#. ##.#### #.##..# #. .#
......# #.##..# #.# #.#
......# #.##.)# ..###..
......#### ##.###.##
#..#..#
...g...............#
#(.#..# ......##
###.####.######...#
.K........
............##.<.#
##########
##.#####.##.##...#


You could see a goblin and a kobold.

Vanquished Creatures
  A ball python (D:1)
  A goblin (D:1)
  A kobold (D:1)
  A quokka (D:1)
  2 frilled lizards (D:1)
6 creatures vanquished.

Notes
Turn   | Place    | Note
-------+----------+-------------------------------------------
     0 | D:1      | ytrimaz the Demonspawn Fighter began the quest for the Orb.
     0 | D:1      | Reached XP level 1. HP: 18/18 MP: 1/1
   369 | D:1      | Slain by a kobold

Illustrated notes

Levels and vault maps discovered:
D:1:      dpeg_arrival_simpleton_a, layout_basic

Action                   || total
-------------------------++-------
Melee: War axe           ||    25
  Use: Scroll            ||     2
       Potion            ||     1
Armor: Scale mail        ||    16
Dodge: Dodged            ||     9
Block: Buckler           ||     6

Table legend: (Time is in decaauts)
 A = Elapsed time spent in this place.
 B = Non-inter-level travel time spent in this place.
 C = Inter-level travel time spent in this place.
 D = Time resting spent in this place.
 E = Time spent auto-exploring this place.
 F = Levels seen in this place.
 G = Mean time per level.
                   A        B        C        D        E       F      G
               +--------+--------+--------+--------+--------+-----+--------+
         Total |    379 |    379 |      0 |      0 |    274 |   1 |  379.0 |
       Dungeon |    379 |    379 |      0 |      0 |    274 |   1 |  379.0 |
               +--------+--------+--------+--------+--------+-----+--------+

Top non-repeatable levels by time:
     D:1: 379 daAuts
